 Dungeon Crawl Stone Soup version 0.19.0 (webtiles) character file.

390 Akrius the Skirmisher (level 6, -1/41 HPs)
             Began as a Gargoyle Monk on Nov 1, 2016.
             Was a Believer of Ashenzari.
             Slain by an adder (3 damage)
             ... on level 3 of the Dungeon.
             The game lasted 00:06:38 (2737 turns).

Akrius the Skirmisher (Gargoyle Monk)               Turns: 2737, Time: 00:06:38

Health: -1/41      AC: 13    Str: 15 (17) XL:     6   Next: 80%
Magic:  6/6        EV: 10    Int:  8 (10) God:    Ashenzari [**....]
Gold:   138        SH:  0    Dex: 10 (12) Spells: 0 memorised, 5 levels left

rFire  . . .     SeeInvis .     a - +0 mace
rCold  . . .     Gourm    .     k - +0 scale mail
rNeg   + . .     Faith    .     (no shield)
rPois  ∞         Spirit   .     g - +0 helmet
rElec  +         Reflect  .     (no cloak)
rCorr  +         Harm     .     m - +0 pair of gloves (curse)
MR     +....     Rnd*Rage +     (no boots)
Stlth  .......... Rnd*Tele +    (no amulet)
                                j - ring of protection from magic
                                p - ring of resist corrosion

@: flying
A: berserk 1, negative energy resistance 1, electricity resistance, teleportitis
1, unbreathing, petrification resistance, no device heal 1, rot immunity, AC +4
a: Curse Item, Scrying, Renounce Religion


You were on level 3 of the Dungeon.
You worshipped Ashenzari.
Ashenzari was pleased with you.
You were very hungry.

You visited 1 branch of the dungeon, and saw 3 of its levels.

You collected 138 gold pieces.

Inventory:

Hand Weapons
 a - a +0 mace (weapon)
Armour
 g - a +0 helmet (worn)
 k - a +0 scale mail (worn)
 m - a cursed +0 pair of gloves (worn)
Jewellery
 j - a ring of protection from magic (right hand)
 p - a ring of resist corrosion (left hand)
Books
 e - a book of Maledictions

   Spells                             Type                      Level
   a - Corona                         Hexes                        1
   b - Ensorcelled Hibernation        Hexes/Ice                    2
   c - Confuse                        Hexes                        3
   d - Tukima's Dance                 Hexes                        3
   e - Dazzling Spray                 Conjuration/Hexes            3
Comestibles
 b - 5 meat rations
 c - 2 bread rations


   Skills:
 * Level 6.3 Fighting
 + Level 4.6 Maces & Flails
 + Level 3.0 Armour
 - Level 2.4 Dodging
 - Level 2.1 Stealth


You had 5 spell levels left.
You didn't know any spells.

Dungeon Overview and Level Annotations

Branches:
Dungeon (3/15)

Altars:
Ashenzari
Sif Muna


Innate Abilities, Weirdness & Mutations

You are resistant to torment.
Your stone body is resilient. (AC +4)
You are immune to poison.
You resist negative energy. (rN+)
You are resistant to electric shocks. (rElec)
You can survive without breathing.
You are immune to petrification.
You are immune to rotting.
You tend to lose your temper in combat.
You are occasionally teleported next to monsters.
Potions and wands are less effective at restoring your health.


Message History

The adder is severely wounded.
The adder bites you but does no damage. x2; The orc barely misses you.
The orc hits you but does no damage. The adder bites you but does no damage.
You closely miss the adder.
The adder is severely wounded.
The adder bites you but does no damage. The orc hits you but does no damage.
The adder bites you.
* * * LOW HITPOINT WARNING * * *
The adder bites you but does no damage. The orc closely misses you.
You hit the adder.
The adder is moderately wounded.
The adder barely misses you. The orc barely misses you.
The orc closely misses you.
The adder bites you but does no damage. x2
The orc hits you but does no damage. The orc barely misses you.
You hit the adder.
The adder is moderately wounded.
The adder barely misses you. The orc barely misses you.
The adder barely misses you. The orc misses you.
The orc hits you but does no damage. The adder bites you.
You die...

.......................# , #
.............###...##..... * #
<.........#### #...# .....,,,* #
#########.########## ...). , # ##
#.......# *.....,.(# #
.#######.......######..... ,..*##
...............#w....... ..*#.
...............#oSo..... * )##.
#.......)......#@oo..... *..#.
#..............#So......######.#.
#########.######........#......##
.# #........#......## .#
##########....)gg# ,,.# #.......#
* #......{O ,8 ########. _ #.


You could see 2 adders, a dart slug and 5 orcs.

Vanquished Creatures
  Sigmund (D:2)
  An orc priest (D:3)
  Ijyb (D:2)
  Natasha (twice) (D:2)
  8 adders
  A worm (D:2)
  A dart slug (D:2)
  2 leopard geckos
  3 orcs
  4 giant cockroaches (D:2)
  5 goblins
  6 hobgoblins
  A quokka (D:3)
  A ball python (D:1)
  10 bats
  8 frilled lizards
  3 kobolds
  7 rats (D:1)
65 creatures vanquished.

Notes
Turn   | Place    | Note
-------+----------+-------------------------------------------
     0 | D:1      | Akrius the Gargoyle Monk began the quest for the Orb.
     0 | D:1      | Reached XP level 1. HP: 14/14 MP: 1/1
   390 | D:1      | Reached XP level 2. HP: 18/19 MP: 2/2
   746 | D:2      | Noticed Ijyb
   761 | D:2      | Killed Ijyb
   761 | D:2      | Reached skill level 4 in Fighting
   761 | D:2      | Reached skill level 1 in Armour
   761 | D:2      | Reached XP level 3. HP: 18/24 MP: 3/3
   932 | D:2      | Reached XP level 4. HP: 27/30 MP: 4/4
  1174 | D:2      | Found a deep blue altar of Sif Muna.
  1319 | D:2      | Reached skill level 5 in Fighting
  1387 | D:2      | Noticed Natasha
  1396 | D:2      | Killed Natasha
  1396 | D:2      | Reached XP level 5. HP: 22/35 MP: 5/5
  1734 | D:2      | Noticed Sigmund
  1791 | D:2      | Killed Sigmund
  1791 | D:2      | Reached XP level 6. HP: 32/41 MP: 6/6
  1974 | D:2      | Noticed Natasha
  1985 | D:2      | Killed Natasha
  1985 | D:2      | Reached skill level 6 in Fighting
  2496 | D:3      | Found a shattered altar of Ashenzari.
  2531 | D:3      | Became a worshipper of Ashenzari the Shackled
  2531 | D:3      | Reached * piety under Ashenzari
  2531 | D:3      | Reached ** piety under Ashenzari
  2726 | D:3      | Gained mutation: You are occasionally teleported next to monsters. [potion of mutation]
  2726 | D:3      | Gained mutation: You tend to lose your temper in combat. [potion of mutation]
  2726 | D:3      | Gained mutation: Potions and wands are less effective at restoring your health. [potion of mutation]
  2726 | D:3      | HP: 2/41 [ogre/giant club (8)]
  2735 | D:3      | HP: 1/41 [adder (2)]
  2737 | D:3      | Slain by an adder

Skill      XL: |  1  2  3  4  5  6 |
---------------+-------------------+-----
Fighting       | 4 5 6 |  6.3
Armour         | 1 2 3 |  3.0
Maces & Flails | 4 |  4.6
Dodging        | |  2.4
Stealth        | |  2.1

Action                   |  1- 3 |  4- 6 || total
-------------------------+-------+-------++-------
Melee: Mace              |    82 |   221 ||   303
Invok: Curse Item        |       |     1 ||     1
  Use: Scroll            |       |     9 ||     9
       Potion            |       |     5 ||     5
 Stab: Sleeping          |     3 |       ||     3
  Eat: Chunk             |       |     5 ||     5
Armor: Robe              |    19 |       ||    19
       Leather armour    |    23 |       ||    23
       Scale mail        |    17 |   162 ||   179
Dodge: Dodged            |    65 |   175 ||   240
